 Dungeon Crawl Stone Soup version 0.29-a0-909-g30c7767f5c (webtiles) character file.

Game seed: 5140894867226273066

2515 Destapler the Nimble (level 9, -5/60 (71) HPs)
             Began as a Gnoll Wanderer on July 22, 2022.
             Was an Initiate of Ru.
             Slain by a wight
             ... wielding a +3 scimitar
              (12 damage)
             ... on level 7 of the Dungeon on July 25, 2022.
             The game lasted 00:27:03 (7733 turns).

Destapler the Nimble (Gnoll Wanderer)               Turns: 7733, Time: 00:27:04

HP:   -5/60 (71)    AC:  3    Str: 15    XL:     9   Next: 54%
MP:   0/15          EV: 18    Int: 10    God:    Ru [......]
Gold: 325           SH:  0    Dex: 20    Spells: 17/17 levels left

rFire   . . .      SeeInvis +   a - +5 mace (freeze)
rCold   + . .      Faith    .   (no shield)
rNeg    . . .      Spirit   +   c - +0 leather armour
rPois   .          Reflect  .   (no helmet)
rElec   .          Harm     .   (no cloak)
rCorr   .          Rampage  .   (no gloves)
Will    .....                   (no boots)
Stlth   +++.......              k - amulet of guardian spirit
HPRegen 0.20/turn               i - +6 ring of dexterity
MPRegen 0.14/turn               h - ring of see invisible

@: heavily drained
A: fangs 1, strong nose, distributed training, cold resistance 1, wild magic 1,
MP-powered wands
a: Renounce Religion


You were on level 7 of the Dungeon.
You worshipped Ru.
Ru was noncommittal.
You visited 2 branches of the dungeon, and saw 8 of its levels.

You collected 385 gold pieces.
You spent 60 gold pieces at shops.

Inventory:

Hand Weapons
 a - a +5 mace of freezing (weapon)
 b - a +2 dagger of draining
 E - a +1 whip of electrocution
Missiles
 g - 3 throwing nets
 m - 3 datura-tipped darts
 u - 4 atropa-tipped darts
 w - 27 poisoned darts
Armour
 c - a +0 leather armour (worn)
 j - a +0 helmet
Jewellery
 h - a ring of see invisible (right hand)
 i - a +6 ring of dexterity (left hand)
 k - an amulet of guardian spirit (around neck)
 l - an amulet of regeneration
Wands
 p - a wand of iceblast (21)
 z - a wand of flame (18) (quivered)
 F - a wand of digging (5)
Scrolls
 e - 2 scrolls of fear
 f - 3 scrolls of teleportation
 n - a scroll of fog {unknown}
 o - a scroll of blinking {unknown}
 r - 5 scrolls of magic mapping
 s - a scroll of identify
 x - 2 scrolls of poison {unknown}
 y - 2 scrolls of enchant weapon {unknown}
 C - 2 scrolls of immolation {unknown}
Potions
 q - 3 potions of brilliance
 t - 3 potions of curing
 v - a potion of attraction {unknown}
 A - 2 potions of ambrosia
 B - 2 potions of heal wounds
 D - a potion of cancellation
Miscellaneous
 d - a piece from Xom's chessboard (15/15)


   Skills:
 + Level 6.5 Fighting
 + Level 4.5 Short Blades
 + Level 5.2 Long Blades
 + Level 4.5 Axes
 + Level 4.5 Maces & Flails
 + Level 4.5 Polearms
 + Level 4.5 Staves
 + Level 4.5 Ranged Weapons
 + Level 4.5 Throwing
 + Level 6.5 Armour
 + Level 9.7 Dodging
 + Level 4.5 Stealth
 + Level 4.5 Shields
 + Level 4.5 Unarmed Combat
 + Level 4.5 Spellcasting
 + Level 3.7 Conjurations
 + Level 3.7 Hexes
 + Level 3.7 Summonings
 + Level 3.7 Necromancy
 + Level 3.7 Translocations
 + Level 3.7 Transmutations
 + Level 3.7 Fire Magic
 + Level 3.7 Ice Magic
 + Level 3.7 Air Magic
 + Level 3.7 Earth Magic
 + Level 3.7 Poison Magic
 + Level 5.0 Invocations
 + Level 5.2 Evocations


You had 17 spell levels left.
You didn't know any spells.
Your spell library contained the following spells:

 Spells                   Type           Power      Damage    Failure   Level
 Sublimation of Blood     Necr           12%        N/A       14%         2
 Wereblood                Tmut           12%        N/A       14%         2
 Summon Hydra             Summ           6%         N/A       100%        7


Dungeon Overview and Level Annotations

Branches:
Dungeon (7/15)             Temple (1/1) D:7

Altars:
Ashenzari
Dithmenos
Elyvilon
Fedhas
Gozag
Hepliaklqana
Kikubaaqudgha
Makhleb
Qazlal
Ru
Uskayaw
Yredelemnul
The Shining One

Shops:
D:4 ?   D:5 *

Annotations:
D:7 Joseph


Innate Abilities, Weirdness & Mutations

You have very sharp teeth.
Your uncanny sense of smell can sniff out nearby items.
Your experience applies equally to all skills.
Your flesh is cold resistant. (rC+)
Your spells are a little harder to cast, but a little more powerful.
You expend magic power (3 MP) to strengthen your wands.


Message History

The wight barely misses you. x2
You closely miss the wight. You bite the wight, but do no damage.
The wight is severely damaged.
The wight completely misses you. The wight misses you.
You hit the wight but do no damage.
The wight is severely damaged.
The wight barely misses you. The wight misses you.
You barely miss the wight.
The wight is severely damaged.
The wight closely misses you. The wight barely misses you.
You hit the wight but do no damage.
The wight is severely damaged.
The wight closely misses you. The wight hits you but does no damage.
The wight hits you with a +3 scimitar. The wight closely misses you.
You hit the wight but do no damage.
The wight is severely damaged.
The wight hits you with a +3 scimitar!
You feel drained. The wight barely misses you.
You hit the wight but do no damage.
The wight is severely damaged.
The wight hits you with a +3 scimitar!
* * * LOW HITPOINT WARNING * * *
You feel drained.
* * * LOW HITPOINT WARNING * * *
The wight barely misses you. The wight attacks as you move away!
The wight hits you with a +3 scimitar!
* * * LOW HITPOINT WARNING * * *
You feel drained. The wight attacks as you move away!
The wight closely misses you. The wight attacks as you move away!
The wight hits you with a +3 scimitar.
* * * LOW HITPOINT WARNING * * *
The wight attacks as you move away! The wight barely misses you.
The wight attacks as you move away! The wight misses you.
The wight attacks as you move away! The wight misses you.
Joseph unwields a +0 quarterstaff.
Joseph wields a +0 sling.
Joseph shoots a sling bullet.
The sling bullet hits you!
* * * LOW HITPOINT WARNING * * *
The wight attacks as you move away! The wight misses you.
The wight attacks as you move away! The wight hits you with a +3 scimitar!
You die...

#######........
#.....'........
#.#####........
#######.# #........
#.....#.## #........
#.##.....# #........
#(#<.....# #........
#.#......# ##.......
#.#.@....# #.......
#.#..z...# #.......
#.#...z..#####.......
#.#.#'#.###..........
#.#.#.#>@..@z........
#.#.#.#.###..........
#.#.#.#.# #..z.......
#.#.#.#.# ####.......
#...#.#.# #.......


You could see Joseph and 2 wights.

Vanquished Creatures
  Pikel (D:5)
  A wyvern (D:7)
  3 ice beasts
  4 lemures
  A phantom (D:6)
  2 kobold brigands (D:6)
  3 bullfrogs
  3 necrophages
  A scorpion (D:4)
  5 wights
  A howler monkey (D:7)
  3 hounds
  A gnoll bouda (D:7)
  4 iguanas
  3 orc wizards
  Ijyb (D:5)
  7 gnolls
  10 adders
  2 white imps
  3 worms
  9 orcs
  11 endoplasms
  12 goblins
  11 hobgoblins
  4 jackals
  5 quokkas
  4 ball pythons
  6 bats
  5 frilled lizards
  17 kobolds
  11 rats
154 creatures vanquished.

Vanquished Creatures (collateral kills)
  An ice beast (D:5)
  A dart slug (D:4)
  A hobgoblin (D:4)
3 creatures vanquished.

Vanquished Creatures (others)
  A quokka (D:5)
  7 plants
8 creatures vanquished.

Grand Total: 165 creatures vanquished

Notes
Turn   | Place    | Note
-------+----------+-------------------------------------------
     0 | D:1      | Destapler the Gnoll Wanderer began the quest for the Orb.
     0 | D:1      | Destapler set off with the following items: a +0 falchion,
                  | 3 throwing nets, a +0 leather armour, a piece from Xom's
                  | chessboard (15/15), a scroll of fear.
     0 | D:1      | Reached XP level 1. HP: 20/20 MP: 1/1
   194 | D:1      | Reached XP level 2. HP: 23/26 MP: 2/2
   889 | D:1      | Reached XP level 3. HP: 31/31 MP: 3/3
   893 | D:1      | Upgraded the game from 0.29-a0-892-g2c4c91d9db to
                  | 0.29-a0-909-g30c7767f5c
  1129 | D:1      | Reached skill level 1 in Invocations
  1232 | D:1      | Reached skill level 1 in Short Blades
  1232 | D:1      | Reached skill level 1 in Axes
  1232 | D:1      | Reached skill level 1 in Maces & Flails
  1232 | D:1      | Reached skill level 1 in Polearms
  1232 | D:1      | Reached skill level 1 in Staves
  1232 | D:1      | Reached skill level 1 in Ranged Weapons
  1232 | D:1      | Reached skill level 1 in Throwing
  1232 | D:1      | Reached skill level 1 in Stealth
  1232 | D:1      | Reached skill level 1 in Shields
  1232 | D:1      | Reached skill level 1 in Unarmed Combat
  1232 | D:1      | Reached skill level 1 in Spellcasting
  1330 | D:2      | Reached XP level 4. HP: 38/38 MP: 5/5
  1586 | D:2      | Reached skill level 1 in Conjurations
  1586 | D:2      | Reached skill level 1 in Hexes
  1586 | D:2      | Reached skill level 1 in Summonings
  1586 | D:2      | Reached skill level 1 in Necromancy
  1586 | D:2      | Reached skill level 1 in Translocations
  1586 | D:2      | Reached skill level 1 in Transmutations
  1586 | D:2      | Reached skill level 1 in Fire Magic
  1586 | D:2      | Reached skill level 1 in Ice Magic
  1586 | D:2      | Reached skill level 1 in Air Magic
  1586 | D:2      | Reached skill level 1 in Earth Magic
  1586 | D:2      | Reached skill level 1 in Poison Magic
  1669 | D:2      | You fall into a shaft and drop 1 floor!
  1916 | D:3      | Found a hide-covered altar of Uskayaw.
  2040 | D:3      | Reached XP level 5. HP: 42/43 MP: 7/7
  2898 | D:2      | Found the +8 trident of the Octopus King {venom, rElec
                  | rPois}
  3421 | D:4      | Found a broken altar of Ashenzari.
  3556 | D:4      | Reached XP level 6. HP: 50/50 MP: 8/8
  3801 | D:4      | Reached skill level 5 in Fighting
  3801 | D:4      | Reached skill level 5 in Armour
  3908 | D:4      | Found Wuqoesor's Magic Scroll Boutique.
  3939 | D:4      | Bought a scroll of teleportation for 36 gold pieces
  3939 | D:4      | Bought a scroll of identify for 24 gold pieces
  3946 | D:4      | Gained mutation: You have hidden genetic potential. [potion
                  | of mutation]
  3946 | D:4      | Gained mutation: Your spells are a little harder to cast,
                  | but a little more powerful. [potion of mutation]
  4000 | D:5      | Entered Level 5 of the Dungeon
  4011 | D:5      | Noticed an ice beast
  4019 | D:5      | Noticed an ice beast
  4022 | D:5      | Noticed an ice beast
  4025 | D:5      | Killed an ice beast
  4031 | D:5      | Killed an ice beast
  4032 | D:5      | Reached XP level 7. HP: 56/56 MP: 10/10
  4055 | D:5      | Gained mutation: You expend magic power (3 MP) to
                  | strengthen your wands. [hidden potential]
  4124 | D:5      | Found Aniuveops's CLEARANCE SALE!.
  4148 | D:5      | Reached skill level 9 in Dodging
  4322 | D:5      | Noticed Pikel
  4723 | D:5      | Killed Pikel
  4724 | D:5      | Reached XP level 8. HP: 37/64 MP: 9/12
  4729 | D:5      | Gained mutation: Your flesh is cold resistant. (rC+)
                  | [hidden potential]
  4729 | D:5      | Lost mutation: You have hidden genetic potential. [hidden
                  | potential expressed]
  5254 | D:5      | Noticed Ijyb
  5271 | D:5      | Killed Ijyb
  6177 | D:6      | Reached XP level 9. HP: 58/69 MP: 11/15
  6885 | D:6      | Reached skill level 5 in Long Blades
  6885 | D:6      | Reached skill level 5 in Evocations
  7038 | D:7      | Found a blossoming altar of Fedhas.
  7410 | D:7      | Found a staircase to the Ecumenical Temple.
  7417 | Temple   | Entered the Ecumenical Temple
  7456 | Temple   | Became a worshipper of Ru the Awakened
  7655 | D:7      | Reached skill level 5 in Invocations
  7684 | D:7      | Noticed Joseph
  7733 | D:7      | Slain by a wight

Illustrated notes

Levels and vault maps discovered:
D:1:      minmay_arrival_shattered_statue, layout_rooms, serial_bayou_ford_a,
          minmay_tetromino_i2
D:2:      layout_rooms, minmay_pentomino_pile
D:3:      layout_basic, eat_drink_and_be_merry_uskayaw, serial_rivers,
          chequers_serial_rivers_marsh, chequers_serial_rivers_room_a,
          chequers_serial_rivers_marsh, chequers_serial_rivers_marsh,
          st_stairs_1
D:4:      layout_rooms, amcnicky_altar_gilded, serial_corexii_hall,
          corexii_hall_statues_u, corexii_hall_statues_i,
          kennysheep_windowed_goal
D:5:      layout_cave_pools, nicolae_shop_clearance, uniq_ijyb, uniq_pikel
D:6:      layout_cave_pools
D:7:      layout_basic, mainiacjoe_overflow_small_starburst,
          minmay_temple_entry_gardened_gates, uniq_joseph
Temple:   jpeg_temple_alley_garden

Skill      XL: |  1  2  3  4  5  6  7  8  9 |
---------------+----------------------------+-----
Invocations    | 1 2 3 4 5 |  5.0
Short Blades   | 1 2 3 4 |  4.5
Axes           | 1 2 3 4 |  4.5
Maces & Flails | 1 2 3 4 |  4.5
Polearms       | 1 2 3 4 |  4.5
Staves         | 1 2 3 4 |  4.5
Ranged Weapons | 1 2 3 4 |  4.5
Throwing       | 1 2 3 4 |  4.5
Stealth        | 1 2 3 4 |  4.5
Shields        | 1 2 3 4 |  4.5
Unarmed Combat | 1 2 3 4 |  4.5
Spellcasting   | 1 2 3 4 |  4.5
Conjurations   | 1 2 3 |  3.7
Hexes          | 1 2 3 |  3.7
Summonings     | 1 2 3 |  3.7
Necromancy     | 1 2 3 |  3.7
Translocations | 1 2 3 |  3.7
Transmutations | 1 2 3 |  3.7
Fire Magic     | 1 2 3 |  3.7
Ice Magic      | 1 2 3 |  3.7
Air Magic      | 1 2 3 |  3.7
Earth Magic    | 1 2 3 |  3.7
Poison Magic   | 1 2 3 |  3.7
Long Blades    | 3 4 5 |  5.2
Evocations     | 3 4 5 |  5.2
Fighting       | 5 6 |  6.5
Armour         | 5 6 |  6.5
Dodging        | 9 |  9.7

Action                   |  1- 3 |  4- 6 |  7- 9 || total
-------------------------+-------+-------+-------++-------
Melee: Falchion          |     9 |       |       ||     9
       Dagger            |    62 |   156 |    95 ||   313
       Bite              |     5 |    15 |    48 ||    68
       Punch             |     1 |     4 |     6 ||    11
       Whip              |       |       |   216 ||   216
       Mace              |       |       |    15 ||    15
Throw: Stone             |    33 |    77 |       ||   110
       Dart              |       |    15 |     4 ||    19
       Throwing net      |       |     5 |     3 ||     8
Evoke: Piece from Xom's  |     1 |       |       ||     1
       Wand              |       |       |     5 ||     5
  Use: Potion            |       |     2 |     2 ||     4
       Scroll            |       |     5 |     3 ||     8
 Stab: Distracted        |     1 |       |     1 ||     2
       Sleeping          |     2 |     2 |     6 ||    10
       Held in net/web   |       |       |     5 ||     5
       Invisible         |       |       |     2 ||     2
Armor: Leather armour    |     8 |    18 |    33 ||    59
Dodge: Dodged            |    58 |   142 |   269 ||   469

Table legend: (Time is in decaauts)
 A = Elapsed time spent in this place.
 B = Non-inter-level travel time spent in this place.
 C = Inter-level travel time spent in this place.
 D = Time resting spent in this place.
 E = Time spent auto-exploring this place.
 F = Levels seen in this place.
 G = Mean time per level.
                   A        B        C        D        E       F      G
               +--------+--------+--------+--------+--------+-----+--------+
         Total |   7692 |   7422 |    270 |   1719 |   4098 |   8 |  961.5 |
       Dungeon |   7458 |   7240 |    218 |   1719 |   3927 |   7 | 1065.4 |
        Temple |    233 |    181 |     52 |      0 |    171 |   1 |  233.0 |
               +--------+--------+--------+--------+--------+-----+--------+

Top non-repeatable levels by time:
     D:1: 1529 daAuts
     D:5: 1352 daAuts
     D:6: 1286 daAuts
     D:4: 1100 daAuts
     D:3: 903 daAuts
     D:2: 824 daAuts
     D:7: 460 daAuts
  Temple: 233 daAuts
